TOP OF THE 1ST |
Brookline HS Warriors batting - Pitching for Oceanside HS Pirates : RHP Paco Hernández
|
Pitching: RHP Paco Hernández
|
|
Batting: RHB Gilbert Bentley
|
0-0: Ball 1-0: Ball 2-0: Swinging Strike 2-1: SINGLE (Groundball, 5D)
|
Batting: LHB Earnest Butler
|
0-0: Ball 1-0: Ball 2-0: Foul Ball, location: 2F 2-1: Swinging Strike 2-2: Foul Ball, location: 2F 2-2: Ball 3-2: Strikes out swinging Gilbert Bentley is caught stealing 2nd base Batter strikes out.
|
Batting: RHB Raúl Rivera
|
0-0: Ball 1-0: Called Strike 1-1: Ball 2-1: Swinging Strike 2-2: Strikes out swinging
|
Top of the 1st over - 0 runs, 1 hit, 0 errors, 0 left on base; Brookline HS 0 - Oceanside HS 0 |
BOTTOM OF THE 1ST |
Oceanside HS Pirates batting - Pitching for Brookline HS Warriors : RHP Emílio Cruz
|
Pitching: RHP Emílio Cruz
|
|
Batting: RHB Charles Collins
|
0-0: Ball 1-0: SINGLE (Flyball, 89M)
|
Batting: RHB Vincent Lowe
|
0-0: Ball 1-0: Foul Ball, location: 2F 1-1: Ball 2-1: Foul Ball, location: 2F 2-2: Strikes out looking
|
Batting: LHB Dylan Savill
|
0-0: Called Strike 0-1: Ball 1-1: Ball 2-1: Foul Ball, location: 2F 2-2: Grounds into double play, 6-4-3 (Groundball, 6)
|
Bottom of the 1st over - 0 runs, 1 hit, 0 errors, 0 left on base; Brookline HS 0 - Oceanside HS 0 |
TOP OF THE 2ND |
Brookline HS Warriors batting - Pitching for Oceanside HS Pirates : RHP Paco Hernández
|
Batting: RHB John Warren
|
0-0: SINGLE (Groundball, 6MD)
|
Batting: RHB León Colón
|
0-0: Grounds into double play, 5-4-3 (Groundball, 56)
|
Batting: LHB Rich Heath
|
0-0: Swinging Strike 0-1: Ball 1-1: Ball 2-1: Swinging Strike 2-2: Ball 3-2: SOLO HOME RUN (Flyball, 9LD), Distance : 372 ft
|
Batting: RHB Spike Lamb
|
0-0: Ball 1-0: Called Strike 1-1: Ball 2-1: Foul Ball, location: 2F 2-2: Ball 3-2: Foul Ball, location: 2F 3-2: Foul Ball, location: 2F 3-2: Base on Balls
|
Batting: RHB Michael Mossman
|
0-0: Ground out 5-3 (Groundball, 56S)
|
Top of the 2nd over - 1 run, 2 hits, 0 errors, 1 left on base; Brookline HS 1 - Oceanside HS 0 |
BOTTOM OF THE 2ND |
Oceanside HS Pirates batting - Pitching for Brookline HS Warriors : RHP Emílio Cruz
|
Batting: RHB Tom Hanson
|
0-0: Called Strike 0-1: Ball 1-1: Called Strike 1-2: SINGLE (Flyball, 8RS)
|
Batting: RHB Shawn Mendoza
|
0-0: Ball 1-0: Foul Ball, location: 2F 1-1: Foul Ball, location: 2F 1-2: Strikes out swinging
|
Batting: LHB Winston Smith
|
0-0: Fly out, F9 (Flyball, 9S)
|
Batting: RHB Sergio Arboledo
|
0-0: Ball 1-0: Called Strike 1-1: Foul Ball, location: 2F 1-2: Strikes out swinging
|
Bottom of the 2nd over - 0 runs, 1 hit, 0 errors, 1 left on base; Brookline HS 1 - Oceanside HS 0 |
TOP OF THE 3RD |
Brookline HS Warriors batting - Pitching for Oceanside HS Pirates : RHP Paco Hernández
|
Batting: RHB Cole Gray
|
0-0: Swinging Strike 0-1: Ball 1-1: Fly out, F8 (Flyball, 8LD)
|
Batting: RHB Gilbert Bentley
|
0-0: Ball 1-0: Ball 2-0: Called Strike 2-1: Swinging Strike 2-2: Foul Ball, location: 2F 2-2: Ball 3-2: Foul Ball, location: 2F 3-2: Ground out 6-3 (Groundball, 56)
|
Batting: LHB Earnest Butler
|
0-0: Ball 1-0: Ball 2-0: Foul Ball, location: 2F 2-1: Swinging Strike 2-2: Fly out, F7 (Flyball, 7)
|
Top of the 3rd over - 0 runs, 0 hits, 0 errors, 0 left on base; Brookline HS 1 - Oceanside HS 0 |
BOTTOM OF THE 3RD |
Oceanside HS Pirates batting - Pitching for Brookline HS Warriors : RHP Emílio Cruz
|
Batting: RHB Ben Williams
|
0-0: Fly out, F8 (Flyball, 8RS)
|
Batting: LHB Will Burke
|
0-0: Swinging Strike 0-1: Foul Ball, location: 2F 0-2: Strikes out swinging
|
Batting: RHB Charles Collins
|
0-0: SINGLE (Groundball, 4MD)
|
Batting: RHB Vincent Lowe
|
0-0: Called Strike 0-1: Ball 1-1: Ball 2-1: Fielders Choice at 2nd, 6-4 (Groundball, 6)
|
Bottom of the 3rd over - 0 runs, 1 hit, 0 errors, 1 left on base; Brookline HS 1 - Oceanside HS 0 |
TOP OF THE 4TH |
Brookline HS Warriors batting - Pitching for Oceanside HS Pirates : RHP Paco Hernández
|
Batting: RHB Raúl Rivera
|
0-0: Foul Ball, location: 2F 0-1: Ball 1-1: Swinging Strike 1-2: Fly out, F9 (Flyball, 9D)
|
Batting: RHB John Warren
|
0-0: Called Strike 0-1: Foul Ball, location: 2F 0-2: Ball 1-2: Ball 2-2: Ball 3-2: Foul Ball, location: 2F 3-2: Foul Ball, location: 2F 3-2: Ground out 1-3 (Groundball, 13)
|
Batting: RHB León Colón
|
0-0: Foul Ball, location: 2F 0-1: Foul Ball, location: 2F 0-2: Foul Ball, location: 2F 0-2: Ball 1-2: Ball 2-2: Fly out, F9 (Flyball, 89S)
|
Top of the 4th over - 0 runs, 0 hits, 0 errors, 0 left on base; Brookline HS 1 - Oceanside HS 0 |
BOTTOM OF THE 4TH |
Oceanside HS Pirates batting - Pitching for Brookline HS Warriors : RHP Emílio Cruz
|
Batting: LHB Dylan Savill
|
0-0: Ball 1-0: Called Strike 1-1: Ball 2-1: Ball 3-1: Ground out 3-1 (Groundball, 34S)
|
Batting: RHB Tom Hanson
|
0-0: Ball 1-0: Swinging Strike 1-1: Foul Ball, location: 2F 1-2: Strikes out looking
|
Batting: RHB Shawn Mendoza
|
0-0: Ball 1-0: Ball 2-0: Ball 3-0: Base on Balls
|
Batting: LHB Winston Smith
|
0-0: Called Strike 0-1: Called Strike 0-2: Strikes out swinging
|
Bottom of the 4th over - 0 runs, 0 hits, 0 errors, 1 left on base; Brookline HS 1 - Oceanside HS 0 |
TOP OF THE 5TH |
Brookline HS Warriors batting - Pitching for Oceanside HS Pirates : RHP Paco Hernández
|
Batting: LHB Rich Heath
|
0-0: Foul Ball, location: 2F 0-1: Ball 1-1: Bunt for hit - play at first, batter safe!
|
Batting: RHB Spike Lamb
|
0-0: Ball 1-0: Ground out 5-3 (Groundball, 56S) Rich Heath to second
|
Batting: RHB Michael Mossman
|
0-0: Called Strike 0-1: Ball 1-1: Foul Ball, location: 2F 1-2: Ball 2-2: Strikes out swinging
|
Batting: RHB Cole Gray
|
0-0: SINGLE (Groundball, 56D) Rich Heath to third Runner from 3rd tries for Home, SAFE, throw made home
|
Batting: RHB Gilbert Bentley
|
0-0: Ball 1-0: Fly out, F9 (Line Drive, 9S)
|
Top of the 5th over - 1 run, 2 hits, 0 errors, 1 left on base; Brookline HS 2 - Oceanside HS 0 |
BOTTOM OF THE 5TH |
Oceanside HS Pirates batting - Pitching for Brookline HS Warriors : RHP Emílio Cruz
|
Batting: RHB Sergio Arboledo
|
0-0: Called Strike 0-1: Ball 1-1: Ball 2-1: Swinging Strike 2-2: Strikes out swinging
|
Batting: RHB Ben Williams
|
0-0: Ball 1-0: Ball 2-0: SINGLE (Line Drive, 8LS)
|
Batting: LHB Will Burke
|
0-0: Ball 1-0: Foul Ball, location: 2F 1-1: Foul Ball, location: 2F 1-2: Fielders Choice at 2nd, 4-6 (Groundball, 4)
|
Batting: RHB Charles Collins
|
0-0: Foul Ball, location: 2F 0-1: Ground out 4-3 (Groundball, 4)
|
Bottom of the 5th over - 0 runs, 1 hit, 0 errors, 1 left on base; Brookline HS 2 - Oceanside HS 0 |
TOP OF THE 6TH |
Brookline HS Warriors batting - Pitching for Oceanside HS Pirates : RHP Paco Hernández
|
Pitching: LHP Alejandro García
|
|
Batting: LHB Earnest Butler
|
0-0: SINGLE (Groundball, 4MD)
|
Batting: RHB Raúl Rivera
|
0-0: Ball 1-0: Called Strike 1-1: Foul Ball, location: 2F 1-2: Ball 2-2: Foul Ball, location: 2F 2-2: Ball 3-2: Foul Ball, location: 2F 3-2: Foul Ball, location: 2F 3-2: DOUBLE (Line Drive, 9D) Earnest Butler to third Earnest Butler scores
|
Batting: RHB John Warren
|
0-0: Called Strike 0-1: Called Strike 0-2: Ball 1-2: Foul Ball, location: 2F 1-2: Strikes out swinging
|
Batting: RHB León Colón
|
0-0: Ball 1-0: Called Strike 1-1: SINGLE (Groundball, 5) (infield hit) Raúl Rivera to third
|
Batting: LHB Rich Heath
|
0-0: Foul Ball, location: 2F 0-1: Foul Ball, location: 2F 0-2: Foul Ball, location: 2F 0-2: Ball 1-2: Ball 2-2: Ball 3-2: Foul Ball, location: 2F 3-2: Foul Ball, location: 2F 3-2: Base on Balls León Colón to second
|
Batting: RHB Spike Lamb
|
0-0: Called Strike 0-1: Ball 1-1: Ball 2-1: Called Strike 2-2: Strikes out swinging
|
Batting: RHB Michael Mossman
|
0-0: Ground out 4-3 (Groundball, 4S)
|
Top of the 6th over - 1 run, 3 hits, 0 errors, 3 left on base; Brookline HS 3 - Oceanside HS 0 |
BOTTOM OF THE 6TH |
Oceanside HS Pirates batting - Pitching for Brookline HS Warriors : RHP Emílio Cruz
|
Batting: RHB Vincent Lowe
|
0-0: Ball 1-0: Swinging Strike 1-1: Called Strike 1-2: Strikes out looking
|
Batting: LHB Dylan Savill
|
0-0: Foul Ball, location: 2F 0-1: Foul Ball, location: 2F 0-2: Strikes out swinging
|
Batting: RHB Tom Hanson
|
0-0: Ball 1-0: Foul Ball, location: 2F 1-1: Swinging Strike 1-2: Strikes out swinging
|
Bottom of the 6th over - 0 runs, 0 hits, 0 errors, 0 left on base; Brookline HS 3 - Oceanside HS 0 |
TOP OF THE 7TH |
Brookline HS Warriors batting - Pitching for Oceanside HS Pirates : LHP Alejandro García
|
Batting: RHB Cole Gray
|
0-0: Ball 1-0: SINGLE (Groundball, 56S) (infield hit)
|
Batting: RHB Gilbert Bentley
|
0-0: Called Strike 0-1: Ball 1-1: Ball 2-1: Fielders Choice at 2nd, 4-6 (Groundball, 4)
|
Batting: LHB Earnest Butler
|
0-0: Ball 1-0: Ball Gilbert Bentley steals 2nd base 2-0: Called Strike 2-1: SINGLE (Flyball, 7LS) Gilbert Bentley to third Runner from 3rd tries for Home, SAFE, no throw
|
Pitching: LHP Ben Crews
|
|
Batting: RHB Raúl Rivera
|
0-0: Called Strike 0-1: Ball 1-1: Called Strike 1-2: Strikes out swinging
|
Batting: RHB John Warren
|
0-0: Fly out, F2 (Popup, 2LF)
|
Top of the 7th over - 1 run, 2 hits, 0 errors, 1 left on base; Brookline HS 4 - Oceanside HS 0 |
BOTTOM OF THE 7TH |
Oceanside HS Pirates batting - Pitching for Brookline HS Warriors : RHP Emílio Cruz
|
Batting: RHB Shawn Mendoza
|
0-0: Called Strike 0-1: SINGLE (Flyball, 7S)
|
Batting: LHB Winston Smith
|
0-0: Swinging Strike 0-1: Grounds into double play, 4-6-3 (Groundball, 4)
|
Batting: RHB Sergio Arboledo
|
0-0: Called Strike 0-1: Foul Ball, location: 2F 0-2: Ball 1-2: Foul Ball, location: 2F 1-2: Ball 2-2: Ball 3-2: Foul Ball, location: 2F 3-2: Base on Balls
|
Pitching: RHP Don Hayes
|
|
Batting: RHB Ben Williams
|
0-0: Fielders Choice at 2nd, 6-4 (Groundball, 6)
|
Bottom of the 7th over - 0 runs, 1 hit, 0 errors, 1 left on base; Brookline HS 4 - Oceanside HS 0 |
TOP OF THE 8TH |
Brookline HS Warriors batting - Pitching for Oceanside HS Pirates : LHP Ben Crews
|
Batting: RHB León Colón
|
0-0: Ball 1-0: Ball 2-0: Called Strike 2-1: Swinging Strike 2-2: Ball 3-2: Strikes out swinging, 2-3 out at first.
|
Batting: LHB Rich Heath
|
0-0: Swinging Strike 0-1: Ball 1-1: Foul Ball, location: 2F 1-2: Strikes out swinging
|
Batting: RHB Spike Lamb
|
0-0: Called Strike 0-1: Ball 1-1: Foul Ball, location: 2F 1-2: Ball 2-2: Ball 3-2: Foul Ball, location: 2F 3-2: Base on Balls
|
Batting: RHB Michael Mossman
|
0-0: Called Strike 0-1: Swinging Strike 0-2: Ball 1-2: Foul Ball, location: 2F 1-2: Foul Ball, location: 2F 1-2: Foul Ball, location: 2F 1-2: Foul Ball, location: 2F 1-2: Ground out 1-3 (Groundball, 13S)
|
Top of the 8th over - 0 runs, 0 hits, 0 errors, 1 left on base; Brookline HS 4 - Oceanside HS 0 |
BOTTOM OF THE 8TH |
Oceanside HS Pirates batting - Pitching for Brookline HS Warriors : RHP Don Hayes
|
Batting: LHB Will Burke
|
0-0: Ball 1-0: Called Strike 1-1: Ball 2-1: Swinging Strike 2-2: Ball 3-2: Base on Balls
|
Batting: RHB Charles Collins
|
0-0: Ball 1-0: Ball 2-0: Ball 3-0: Base on Balls Will Burke to second
|
Batting: RHB Vincent Lowe
|
0-0: Ball 1-0: Ball 2-0: Foul Ball, location: 2F 2-1: Foul Ball, location: 2F 2-2: Strikes out swinging
|
Batting: LHB Dylan Savill
|
0-0: Ball 1-0: Fly out, F7 (Line Drive, 7)
|
Batting: RHB Tom Hanson
|
0-0: Fly out, F6 (Line Drive, 6M)
|
Bottom of the 8th over - 0 runs, 0 hits, 0 errors, 2 left on base; Brookline HS 4 - Oceanside HS 0 |
TOP OF THE 9TH |
Brookline HS Warriors batting - Pitching for Oceanside HS Pirates : LHP Ben Crews
|
Batting: RHB Cole Gray
|
0-0: Called Strike 0-1: Ball 1-1: Ball 2-1: Ball 3-1: Base on Balls
|
Batting: RHB Gilbert Bentley
|
0-0: Fly out, F9 (Flyball, 89D)
|
Batting: LHB Earnest Butler
|
0-0: Fielders Choice at 2nd, 6-4 (Groundball, 6)
|
Batting: RHB Raúl Rivera
|
0-0: Ball 1-0: Foul Ball, location: 2F 1-1: Ball 2-1: Called Strike 2-2: Strikes out swinging
|
Top of the 9th over - 0 runs, 0 hits, 0 errors, 1 left on base; Brookline HS 4 - Oceanside HS 0 |
BOTTOM OF THE 9TH |
Oceanside HS Pirates batting - Pitching for Brookline HS Warriors : RHP Don Hayes
|
Batting: RHB Shawn Mendoza
|
0-0: Foul Ball, location: 2F 0-1: Ball 1-1: Foul Ball, location: 2F 1-2: Strikes out swinging
|
Batting: LHB Winston Smith
|
0-0: Ball 1-0: Ball 2-0: Ball 3-0: Called Strike 3-1: Called Strike 3-2: Base on Balls
|
Batting: RHB Sergio Arboledo
|
0-0: Foul Ball, location: 2F 0-1: Called Strike 0-2: Ball 1-2: Ball 2-2: Ball 3-2: Foul Ball, location: 2F 3-2: Fly out, F9 (Flyball, 89D)
|
Batting: RHB Ben Williams
|
0-0: Ball 1-0: Ball 2-0: Called Strike 2-1: Ball 3-1: Base on Balls Winston Smith to second
|
Batting: LHB Will Burke
|
0-0: Ball 1-0: Foul Ball, location: 2F 1-1: Called Strike 1-2: Fly out, F7 (Flyball, 78D)
|
Bottom of the 9th over - 0 runs, 0 hits, 0 errors, 2 left on base; Brookline HS 4 - Oceanside HS 0 |
|